 Dungeon Crawl Stone Soup version 0.16.2-12-gd0ad4c3 (webtiles) character file.

310 faibistes the Magician (level 6, -4/32 HPs)
             Began as a Deep Elf Wizard on May 16, 2018.
             Engulfed by a cloud of flame (23 damage)
             ... on level 3 of the Dungeon on May 18, 2018.
             The game lasted 00:10:21 (4014 turns).

faibistes the Magician (Deep Elf Wizard)            Turns: 4014, Time: 00:10:21

Health: -4/32      AC:  4    Str:  4    XL:     6   Next: 17%
Magic:  7/22       EV: 14    Int: 25    God:
Gold:   239        SH:  0    Dex: 13    Spells: 6 memorised, 5 levels left

rFire  . . .     SeeInvis .     m - +0 short sword (elec)
rCold  . . .     Clarity  .     a - +0 robe
rNeg   . . .     SustAb   .     (no shield)
rPois  .         Gourm    +     b - +0 hat
rElec  .         Spirit   .     t - +0 cloak
rCorr  .         Warding  .     (no gloves)
rMut   .         Stasis   .     o - +0 pair of boots
MR     .....                    u - amulet of the gourmand
Stlth  +.........               (no ring)
                                (no ring)

@: confused, repel missiles, not resistant to hostile enchantments, very
unstealthy
A: no striking features
a: no special abilities


You were on level 3 of the Dungeon.
You were not hungry.

You visited 1 branch of the dungeon, and saw 5 of its levels.

You collected 239 gold pieces.

Inventory:

Hand weapons
 f - a +0 club
 m - a +0 short sword of electrocution (weapon)
 r - a cursed -1 club
Armour
 a - a +0 robe (worn)
 b - a +0 hat (worn)
 o - a +0 pair of boots (worn)
 t - a +0 cloak (worn)
Jewellery
 e - an uncursed amulet of rage
 u - an amulet of the gourmand (around neck)
Magical devices
 k - a wand of random effects (16)
Scrolls
 i - a scroll of immolation {unknown}
 j - a scroll of recharging {unknown}
 l - 4 scrolls of identify {unknown}
 n - 2 scrolls of blinking {unknown}
Potions
 g - a potion of lignification {unknown}
 p - 2 potions of haste {unknown}
 q - a potion of restore abilities {unknown}
Books
 c - a book of Minor Magic

   Spells                             Type                      Level
   a - Magic Dart                     Conjuration                  1
   b - Blink                          Translocation                2
   c - Call Imp                       Summoning                    2
   d - Repel Missiles                 Charms/Air                   2
   e - Slow                           Hexes                        2
   f - Conjure Flame                  Conjuration/Fire             3
   g - Mephitic Cloud                 Conjuration/Poison/Air       3
Comestibles
 d - 3 bread rations
 h - 2 meat rations
 s - a slice of pizza
 v - a chunk of flesh


   Skills:
 + Level 4.2 Dodging
 - Level 2.4 Stealth
 * Level 6.7 Spellcasting
 - Level 4.1 Conjurations
 - Level 1.1 Summonings
 * Level 1.3 Translocations


You had 5 spell levels left.
You knew the following spells:

 Your Spells              Type           Power        Failure   Level  Hunger
a - Magic Dart            Conj           ####         1%          1    None
b - Conjure Flame         Conj/Fire      ###.....     12%         3    None
c - Call Imp              Summ           ##......     10%         2    None
d - Blink                 Tloc           N/A          8%          2    None
e - Mephitic Cloud        Conj/Pois/Air  ###.....     12%         3    None
f - Repel Missiles        Chrm/Air       #.....       12%         2    None


Dungeon Overview and Level Annotations

Branches:
Dungeon (5/15)
 Temple: D:4-7

Altars:
Gozag
Ru


Message History

Confirm with . or Enter, or press ? or * to list all spells.
Aiming: Magic Dart
Press: ? - help, Shift-Dir - straight line, f/p - orc priest
Aim: an orc priest, wielding a whip and wearing a ring mail (almost dead, bewildered and confused)
The magic dart hits the orc priest.
You kill the orc priest!
Casting: Magic Dart
Confirm with . or Enter, or press ? or * to list all spells.
Aiming: Conjure Flame
Press: ? - help, Dir - move target cursor The fire roars!
You hear some strange, mumbled words.
You are confused.
You're too confused to cast spells.
You are engulfed in roaring flames.
You hear some strange, mumbled words.
Something tries to affect you, but you resist.
You closely miss something.
You are engulfed in roaring flames.
Ouch! That really hurt!
You die...

#.# #.# #.###.#
##...## ##.##
#.# #.# #.# #
#.########.)..#
#....@{.).)....
##########.....
#


There were no monsters in sight!

Vanquished Creatures
  Edmund (D:5)
  Crazy Yiuf (D:2)
  An orc priest (D:3)
  Robin (D:2)
  A gnoll (D:1)
  5 adders
  A giant mite (D:2)
  A worm (D:2)
  5 orcs
  A ball python (D:3)
  2 giant cockroaches
  14 goblins
  8 hobgoblins
  A quokka (D:2)
  7 bats
  3 giant geckos
  2 giant newts (D:3)
  3 kobolds (D:1)
  8 rats
66 creatures vanquished.

Vanquished Creatures (others)
  A white imp (D:1)
1 creature vanquished.

Grand Total: 67 creatures vanquished

Notes
Turn   | Place    | Note
--------------------------------------------------------------
     0 | D:1      | faibistes, the Deep Elf Wizard, began the quest for the Orb.
     0 | D:1      | Reached XP level 1. HP: 10/10 MP: 6/6
   585 | D:1      | Reached XP level 2. HP: 15/15 MP: 7/10
   612 | D:1      | Learned a level 2 spell: Blink
   615 | D:1      | Learned a level 2 spell: Call Imp
  1081 | D:1      | Reached skill level 5 in Spellcasting
  1458 | D:1      | Reached XP level 3. HP: 19/19 MP: 11/14
  1474 | D:1      | Learned a level 3 spell: Conjure Flame
  1478 | D:1      | Learned a level 3 spell: Mephitic Cloud
  1686 | D:2      | Noticed Robin
  1699 | D:2      | Killed Robin
  2195 | D:3      | Reached XP level 4. HP: 10/24 MP: 2/17
  2416 | D:2      | Learned a level 2 spell: Repel Missiles
  2579 | D:2      | Found an opulent altar of Gozag.
  3316 | D:2      | Noticed Crazy Yiuf
  3332 | D:2      | Killed Crazy Yiuf
  3332 | D:2      | Reached XP level 5. HP: 28/28 MP: 0/20
  3581 | D:3      | Reached skill level 6 in Spellcasting
  3715 | D:3      | Found a sacrificial altar of Ru.
  3834 | D:5      | Entered Level 5 of the Dungeon
  3834 | D:5      | Noticed Edmund
  3850 | D:5      | Killed Edmund
  3850 | D:5      | Reached XP level 6. HP: 32/32 MP: 5/22
  4014 | D:3      | Engulfed by a cloud of flame

Action                   |  1- 3 |  4- 6 || total
-------------------------+-------+-------++-------
Melee: Unarmed           |     6 |       ||     6
       Short sword       |     1 |     4 ||     5
 Cast: Magic Dart        |    73 |    51 ||   124
       Call Imp          |     2 |       ||     2
       Conjure Flame     |     3 |     8 ||    11
       Mephitic Cloud    |     2 |     5 ||     7
       Blink             |       |     5 ||     5
       Repel Missiles    |       |     1 ||     1
  Eat: Chunk             |     4 |     7 ||    11
       Beef jerky        |       |     1 ||     1
